 Dungeon Crawl Stone Soup version 0.16-a0-3636-gf0307c9 (webtiles) character file.

627837 Ololoev the Cryomancer (level 27, -5/197 HPs)
             Began as a Merfolk Transmuter on Jan 13, 2015.
             Was the Champion of Vehumet.
             Killed from afar by a Shadow Fiend (9 damage)
             ... with a bolt of cold
             ... on level 13 of a ziggurat on Jan 15, 2015.
             The game lasted 09:50:49 (96554 turns).

Ololoev the Cryomancer (Merfolk Transmuter)        Turns: 96554, Time: 09:50:53

Health: -5/197     AC: 30    Str:  8    XL:     27
Magic:  34/47      EV: 28    Int: 34    God:    Vehumet [******]
Gold:   615        SH: 16    Dex: 20    Spells: 12 memorised, 6 levels left

rFire  + . .     SeeInvis +     s - +1 eveningstar "Brilliance" {holy, rN+ AC+5 Int+5}
rCold  + + .     Clarity  .     X - +0 robe of the Forest {rElec MR+ SInv}
rNeg   + . .     SustAb   .     u - +5 shield {reflect}
rPois  +         Gourm    .     x - +0 hat of the Pleiades {+Rage +Inv rPois+}
rElec  +         Spirit   .     z - +2 cloak {rPois}
rCorr  +         Warding  .     y - +1 pair of gloves {Dex+3}
rMut   .         Stasis   .     e - +2 pair of boots of the Assassin {Stlth++}
MR     +++..                    B - amulet "Cuschazy" {rCorr rF++ Dex+3}
Stlth  +++.......               E - ring "Strut" {+Rage MP+9 EV+5}
                                v - ring of ice

@: stone skin, very slightly contaminated, hasted, glowing, very quick,
extremely resistant to hostile enchantments, fairly stealthy
A: change form in water, swift swim, claws 1, rough black scales 1, slimy green
scales 1, yellow scales 1, camouflage 1, blurry vision 1, breathe flames 3,
clever 1, cold resistance 1, low mp 1, evolution 1
a: Renounce Religion, Breathe Fire, Evoke Berserk Rage, Evoke Invisibility
}: 4/15 runes: barnacled, slimy, silver, gossamer


You were on level 13 of a ziggurat.
You worshipped Vehumet.
Vehumet was exalted by your worship.
You were near starving.

You visited 11 branches of the dungeon, and saw 60 of its levels.
You visited the Abyss 1 time.
You visited 1 ziggurat, and saw 13 of its levels.
You also visited: Trove and Sewer.

You collected 5684 gold pieces.
You spent 4249 gold pieces at shops.
You donated 775 gold pieces to Zin.

Notes
Turn   | Place    | Note
--------------------------------------------------------------
     0 | D:1      | Ololoev, the Merfolk Transmuter, began the quest for the Orb.
     0 | D:1      | Reached XP level 1. HP: 15/15 MP: 3/3
   103 | D:1      | Reached XP level 2. HP: 1/21 MP: 2/4
   862 | D:1      | Learned a level 2 spell: Sticks to Snakes
  1485 | D:2      | Reached XP level 3. HP: 21/26 MP: 4/6
  1492 | D:2      | Learned a level 3 spell: Spider Form
  1618 | D:2      | Reached skill level 4 in Unarmed Combat
  1836 | D:2      | Reached XP level 4. HP: 32/32 MP: 8/8
  2692 | D:3      | Found a white marble altar of Elyvilon.
  2760 | D:3      | Found a glowing drain.
  2777 | D:3      | Reached XP level 5. HP: 25/37 MP: 9/9
  2783 | Sewer    | Entered a sewer
  3045 | Sewer    | Reached skill level 5 in Unarmed Combat
  3167 | Sewer    | Reached skill level 5 in Transmutations
  3625 | Sewer    | Reached skill level 1 in Evocations
  3829 | Sewer    | Reached XP level 6. HP: 43/43 MP: 11/11
  3847 | Sewer    | Reached skill level 6 in Unarmed Combat
  4542 | D:3      | Learned a level 4 spell: Ice Form
  4806 | D:4      | Noticed haldagan's ghost (experienced SpTm)
  4821 | D:3      | Reached XP level 7. HP: 42/48 MP: 8/12
  5072 | D:4      | Got a warped dagger
  5073 | D:4      | Identified the cursed +1 dagger of Prilu {speed, *Rage +Rage Int+4} (You found it on level 4 of the Dungeon)
  5117 | D:4      | Killed haldagan's ghost
  5117 | D:4      | Reached skill level 7 in Unarmed Combat
  5905 | D:4      | Reached skill level 8 in Unarmed Combat
  6228 | D:4      | Reached XP level 8. HP: 30/54 MP: 14/14
  6451 | D:4      | Found a basalt altar of Yredelemnul.
  7192 | D:5      | Entered Level 5 of the Dungeon
  7251 | D:5      | Found a glowing golden altar of the Shining One.
  7496 | D:5      | Reached skill level 9 in Unarmed Combat
  7691 | D:5      | Reached skill level 5 in Evocations
  8325 | D:5      | Reached skill level 10 in Unarmed Combat
  8823 | D:6      | Noticed Eustachio
  8824 | D:6      | Found a shattered altar of Ashenzari.
  8834 | D:6      | Killed Eustachio
  8834 | D:6      | Reached XP level 9. HP: 59/59 MP: 17/17
  8877 | D:6      | Found a burning altar of Makhleb.
  9147 | D:6      | Noticed Grinder
  9154 | D:6      | Killed Grinder
  9437 | D:6      | Noticed Blork the orc
  9445 | D:6      | Killed Blork the orc
  9445 | D:6      | Reached skill level 11 in Unarmed Combat
  9968 | D:7      | Found a staircase to the Ecumenical Temple.
  9977 | Temple   | Entered the Ecumenical Temple
 10821 | D:7      | Reached skill level 12 in Unarmed Combat
 11178 | D:8      | Reached XP level 10. HP: 42/65 MP: 16/20
 11776 | D:8      | Found a sparkling altar of Nemelex Xobeh.
 11953 | D:8      | Found a snail-covered altar of Cheibriados.
 11969 | D:8      | Reached skill level 13 in Unarmed Combat
 12105 | D:8      | Noticed a hill giant
 12113 | D:8      | Killed a hill giant
 12448 | D:9      | Found an iron altar of Okawaru.
 12536 | D:9      | Found a runed door.
 12546 | D:9      | Found a runed door.
 12585 | D:9      | Reached skill level 5 in Dodging
 12644 | D:9      | Noticed an elephant
 12797 | D:9      | Found a staircase to the Lair.
 13070 | D:9      | Got a steaming trident
 13071 | D:9      | Identified the cursed +0 trident of Siysisol {pierce, rPois HP+9 MP+9} (You found it on level 9 of the Dungeon)
 13149 | D:9      | Killed an elephant
 13528 | D:9      | Reached skill level 1 in Ice Magic
 13815 | D:9      | Reached XP level 11. HP: 78/78 MP: 21/21
 13816 | D:9      | Found a burning altar of Makhleb.
 13863 | Lair:1   | Entered Level 1 of the Lair of Beasts
 14260 | Lair:1   | Reached skill level 5 in Fighting
 14778 | Lair:1   | Noticed a four-headed hydra
 14786 | Lair:1   | Killed a four-headed hydra
 14786 | Lair:1   | Reached skill level 14 in Unarmed Combat
 15108 | Lair:1   | Noticed a five-headed hydra
 15111 | Lair:1   | Killed a five-headed hydra
 16455 | Lair:2   | Reached skill level 10 in Transmutations
 16502 | Lair:2   | Learned a level 5 spell: Blade Hands
 16570 | Lair:2   | Reached XP level 12. HP: 70/89 MP: 20/22
 16770 | Lair:2   | Gained mutation: You are somewhat resistant to further mutation. [potion of mutation]
 16770 | Lair:2   | Gained mutation: You are dopey. (Int -2) [potion of mutation]
 16770 | Lair:2   | Gained mutation: You are resistant to hostile enchantments. [potion of mutation]
 16771 | Lair:2   | Gained mutation: You have a pair of small horns on your head. [potion of mutation]
 16982 | Lair:2   | Reached skill level 5 in Ice Magic
 19199 | Lair:4   | Noticed a five-headed hydra
 19209 | Lair:4   | Killed a five-headed hydra
 19732 | Lair:4   | Learned a level 1 spell: Apportation
 19735 | Lair:4   | Learned a level 2 spell: Blink
 20343 | Lair:5   | Reached skill level 1 in Translocations
 20711 | Lair:5   | Found a hole to the Spider Nest.
 20774 | Lair:5   | Reached XP level 13. HP: 99/99 MP: 24/24
 20923 | Lair:5   | Gained mutation: Your system is resistant to poisons. [potion of mutation]
 21299 | Lair:5   | Got a dazzling long sword
 21300 | Lair:5   | Identified the +8 long sword of Fortitude {freeze, +Inv rElec Str+2 Stlth-} (You found it on level 5 of the Lair of Beasts)
 21489 | Lair:5   | Reached skill level 10 in Dodging
 21910 | Lair:6   | Found a staircase to the Shoals.
 22724 | Lair:6   | Found a staircase to the Slime Pits.
 22724 | Lair:6   | Found a viscous altar of Jiyva.
 23270 | D:10     | Entered Level 10 of the Dungeon
 23548 | D:10     | Lost mutation: You are dopey. (Int -2) [mutagenic meat]
 23965 | D:10     | Noticed Erolcha
 23969 | D:10     | Killed Erolcha
 24169 | D:10     | Found a staircase to the Orcish Mines.
 24284 | Orc:1    | Entered Level 1 of the Orcish Mines
 24499 | Orc:1    | Found Stacir's Antique Weapon Shop.
 24914 | Orc:2    | Found an iron altar of Okawaru.
 25118 | Orc:2    | Found Wirungiw's Antique Armour Boutique.
 25685 | Orc:3    | Found Quipiulau's Assorted Antiques.
 25693 | Orc:3    | Bought a scroll of identify for 56 gold pieces
 25693 | Orc:3    | Bought a scroll of identify for 56 gold pieces
 25695 | Orc:3    | Reached skill level 5 in Stealth
 25695 | Orc:3    | Reached skill level 10 in Evocations
 25695 | Orc:3    | Reached XP level 14. HP: 108/108 MP: 25/27
 25978 | Orc:4    | Entered Level 4 of the Orcish Mines
 26034 | Orc:4    | Found Psihemme's Gadget Shop.
 26052 | Orc:4    | Noticed nubinia's ghost (powerful SpVM)
 26082 | Orc:4    | Killed nubinia's ghost
 26991 | Orc:4    | Found Yfeusef's Distillery.
 26991 | Orc:4    | Found Atuusos' Armour Emporium.
 26994 | Orc:4    | Found Kucriano's Book Shoppe.
 26996 | Orc:4    | Found Giat's General Store.
 27069 | Orc:4    | Found a staircase to the Elven Halls.
 28042 | Orc:4    | Bought a scroll of blinking for 105 gold pieces
 28047 | Orc:4    | Bought a book of the Earth for 910 gold pieces
 28054 | Orc:4    | Learned a level 6 spell: Statue Form
 28779 | Lair:6   | Reached skill level 1 in Earth Magic
 28782 | Lair:6   | Reached skill level 15 in Unarmed Combat
 29517 | Lair:7   | Reached XP level 15. HP: 96/115 MP: 15/28
 29706 | Lair:7   | Reached skill level 10 in Fighting
 29759 | Lair:7   | Identified a scroll of acquirement
 30929 | Lair:7   | Reached skill level 5 in Earth Magic
 31162 | Lair:8   | Entered Level 8 of the Lair of Beasts
 32071 | Lair:8   | Noticed Erica
 32092 | Lair:8   | Killed Erica
 32293 | Lair:8   | Identified the Papyrus of Somewhere Else
 32609 | Lair:8   | Got a steaming leather armour
 32610 | Lair:8   | Identified the +0 leather armour of Instinct {+Inv +Fly rC+ Str+3} (You found it on level 8 of the Lair of Beasts)
 33872 | D:11     | Noticed Fannar
 33896 | D:11     | Killed Fannar
 34100 | D:11     | Lost mutation: You are somewhat resistant to further mutation. [mutagenic meat]
 34101 | D:11     | Gained mutation: You have difficulty communicating with the divine. [mutagenic meat]
 34744 | D:12     | Gained mutation: Scrolls take you a little longer to read. [mutagenic meat]
 35277 | D:12     | Reached XP level 16. HP: 122/122 MP: 23/29
 35802 | D:13     | Found a gate to the Vaults.
 35802 | D:13     | Noticed Donald
 35802 | D:13     | Noticed Norris
 36384 | D:13     | Reached skill level 1 in Shields
 36971 | D:13     | Lost mutation: You have a pair of small horns on your head. [mutagenic meat]
 36972 | D:13     | Gained mutation: Your magical capacity is low (-10% MP). [mutagenic meat]
 37064 | D:13     | Reached skill level 5 in Shields
 38836 | D:15     | Entered Level 15 of the Dungeon
 39178 | D:15     | Found a staircase to the Depths.
 40337 | Depths:1 | Entered Level 1 of the Depths
 41006 | Orc:4    | Bought a book of Geomancy for 490 gold pieces
 41009 | Orc:4    | Learned a level 2 spell: Stoneskin
 41015 | Orc:4    | Learned a level 5 spell: Lee's Rapid Deconstruction
 41034 | Elf:1    | Entered Level 1 of the Elven Halls
 41077 | Elf:1    | Reached skill level 10 in Shields
 41601 | Elf:1    | Gained mutation: Your flesh is cold resistant. [a neqoxec]
 41612 | Elf:1    | Identified Jaliat's Volume of Unholy Boosts
 41792 | Elf:1    | Gained mutation: You are partially covered in molten scales (AC +1). [potion of mutation]
 41792 | Elf:1    | Gained mutation: You have very sharp teeth. [potion of mutation]
 41792 | Elf:1    | Gained mutation: You are partially covered in rough black scales (AC +4, Dex -1). [potion of mutation]
 42124 | Elf:1    | Reached skill level 5 in Spellcasting
 42130 | Elf:1    | Learned a level 2 spell: Repel Missiles
 42241 | Elf:1    | Reached XP level 17. HP: 128/128 MP: 21/27
 42374 | Elf:2    | Noticed an Ice Fiend
 42670 | Elf:2    | Found a runed gate.
 42671 | Elf:2    | Found a runed gate.
 42671 | Elf:2    | Found a runed gate.
 42884 | Elf:3    | Entered Level 3 of the Elven Halls
 42896 | Elf:3    | Found Qowon's General Store.
 42901 | Elf:3    | Bought a scroll of magic mapping for 56 gold pieces
 43379 | Elf:3    | Found Cumurava's Armour Boutique.
 43393 | Elf:3    | Found Brorchee's General Store.
 43397 | Elf:3    | Bought a scroll of vulnerability for 105 gold pieces
 43413 | Elf:3    | Found Schyazak's Antique Weapon Emporium.
 43419 | Elf:3    | Found Diokas' Gadget Shop.
 43432 | Elf:3    | Bought a lamp of fire for 440 gold pieces
 43432 | Elf:3    | Bought a legendary deck of summoning for 286 gold pieces
 44017 | Elf:3    | Gained mutation: Your mind is acute. (Int +2) [mutagenic meat]
 44019 | Elf:3    | Gained mutation: You have sharp fingernails. [mutagenic meat]
 44314 | Elf:3    | Got a slimy lajatang
 44314 | Elf:3    | Got a vibrating turquoise ring
 44529 | Elf:3    | Identified the ring "Strut" {+Rage MP+9 EV+5} (You took it off a deep elf knight on level 3 of the Elven Halls)
 44617 | Elf:3    | Identified the +3 lajatang of Budom {slice, Contam +Blink +Rage rPois} (You took it off a deep elf knight on level 3 of the Elven Halls)
 44639 | Elf:3    | Gained mutation: You possess an exceptional clarity of mind. [mutagenic glow]
 44859 | Elf:3    | Reached skill level 15 in Transmutations
 45136 | Elf:3    | Noticed a deep elf blademaster
 45136 | Elf:3    | Noticed a deep elf master archer
 45153 | Elf:3    | Killed a deep elf blademaster
 45159 | Elf:3    | Killed a deep elf master archer
 45159 | Elf:3    | Reached skill level 16 in Transmutations
 45198 | Elf:3    | Got a wavering jade amulet
 45223 | Elf:3    | Identified the amulet "Cuschazy" {rCorr rF++ Dex+3} (You took it off a deep elf priest on level 3 of the Elven Halls)
 45352 | Elf:3    | Reached skill level 10 in Earth Magic
 45519 | Elf:3    | Reached XP level 18. HP: 138/138 MP: 26/27
 45656 | Elf:3    | Noticed a deep elf master archer
 45666 | Elf:3    | Killed a deep elf master archer
 45671 | Elf:3    | Got a shimmering quarterstaff {antimagic}
 45680 | Elf:3    | Identified the cursed +1 quarterstaff of the Hawk {antimagic, Contam +Inv rPois rF+ MP+9 Int+3} (You took it off a deep elf mage on level 3 of the Elven Halls)
 45856 | Elf:3    | Identified the Collected Works on Enhancements and the Birds
 45868 | Elf:3    | Identified the Tome of Destructive Flames
 45909 | Elf:3    | Identified the Volume of Orientation and Confrontation (You found it on level 3 of the Elven Halls)
 45981 | Elf:3    | Noticed a deep elf blademaster
 45997 | Elf:3    | Killed a deep elf blademaster
 46549 | Lair:6   | Became a worshipper of Jiyva Jorhumes the Shapeless
 47269 | Orc:2    | Upgraded the game from 0.16-a0-3606-g1520cdc to 0.16-a0-3625-g2624681
 47511 | Orc:2    | Acquired Jiyva's first power
 47742 | Orc:3    | Acquired Jiyva's second power
 47906 | Orc:4    | Gained mutation: You evolve. [Jiyva's grace]
 47919 | Orc:4    | Acquired Jiyva's third power
 47919 | Orc:4    | Lost mutation: You possess an exceptional clarity of mind. [Jiyva's grace]
 47926 | Orc:4    | Gained mutation: You are robust (+10% HP). [Jiyva's grace]
 47931 | Orc:4    | Acquired Jiyva's fourth power
 47932 | Orc:4    | Lost mutation: Your magical capacity is low (-10% MP). [Jiyva's power]
 47943 | Orc:4    | Lost mutation: You are resistant to hostile enchantments. [Jiyva's grace]
 47944 | Orc:4    | Lost mutation: Scrolls take you a little longer to read. [Jiyva's power]
 48085 | Elf:1    | Gained mutation: You are partially covered in yellow scales (AC +2). [Jiyva's grace]
 48551 | Elf:2    | HP: 10/226 [deep elf knight/stone arrow (12)]
 48557 | Elf:2    | HP: 3/226 [glaive of protection (7)]
 48624 | Elf:2    | Lost mutation: You have difficulty communicating with the divine. [Jiyva's power]
 48694 | Elf:2    | Lost mutation: Your mind is acute. (Int +2) [Jiyva's grace]
 48782 | Elf:2    | Lost mutation: You are robust (+10% HP). [Jiyva's grace]
 48832 | Elf:2    | Lost mutation: You have sharp fingernails. [Jiyva's grace]
 48995 | Elf:2    | Gained mutation: You are covered in fur (AC +1). [Jiyva's grace]
 49358 | D:12     | Killed Norris
 49406 | D:12     | Gained mutation: You have a small jelly attached to you that may absorb incoming projectiles. [Jiyva's grace]
 49496 | D:12     | Killed Donald
 49847 | D:10     | Gained mutation: You have a pair of small horns on your head. [Jiyva's grace]
 50188 | Elf:3    | Gained mutation: You have a small jelly attached to you that senses nearby items. [Jiyva's grace]
 50269 | Elf:1    | Gained mutation: Your flesh is very cold resistant. [Jiyva's grace]
 50740 | Spider:1 | Entered Level 1 of the Spider Nest
 50839 | Spider:1 | Noticed Aizul
 50846 | Spider:1 | Killed Aizul
 50864 | Spider:1 | Gained mutation: You are frail (-10% HP). [mutagenic meat]
 50868 | Spider:1 | Lost mutation: You are frail (-10% HP). [Jiyva's power]
 50977 | Spider:1 | Lost mutation: Your system is resistant to poisons. [Jiyva's grace]
 51288 | Spider:2 | Reached skill level 17 in Unarmed Combat
 51385 | Spider:2 | Gained mutation: You have a pair of horns on your head. [Jiyva's grace]
 51758 | Spider:2 | Reached XP level 19. HP: 146/146 MP: 31/31
 52068 | Spider:3 | Noticed Snorg
 52087 | Spider:3 | Killed Snorg
 52105 | Spider:3 | Gained mutation: Armour fits poorly on your pseudopods. [Jiyva's grace]
 52732 | Spider:4 | Gained mutation: You can breathe flames. [Jiyva's grace]
 52741 | Spider:4 | Noticed Rupert
 52751 | Spider:4 | Killed Rupert
 52995 | Spider:4 | Gained mutation: You are resistant to hostile enchantments. [Jiyva's grace]
 53076 | Spider:4 | Learned a level 6 spell: Bolt of Cold
 53124 | Spider:4 | Reached skill level 1 in Conjurations
 53611 | Spider:4 | Noticed Nikola
 53629 | Spider:4 | Killed Nikola
 53765 | Spider:4 | Lost mutation: You are resistant to hostile enchantments. [Jiyva's grace]
 53781 | Spider:5 | Entered Level 5 of the Spider Nest
 54177 | Spider:5 | Lost mutation: You have a small jelly attached to you that may absorb incoming projectiles. [mutagenic meat]
 54178 | Spider:5 | Lost mutation: Armour fits poorly on your pseudopods. [mutagenic meat]
 54584 | Spider:5 | Gained mutation: You are robust (+10% HP). [Jiyva's grace]
 54952 | Spider:5 | Lost mutation: You have a pair of horns on your head. [mutagenic meat]
 55027 | Spider:5 | Reached skill level 5 in Conjurations
 55088 | Spider:5 | Reached XP level 20. HP: 114/168 MP: 21/34
 55100 | Spider:5 | Got a gossamer rune of Zot
 55155 | Spider:5 | Lost mutation: You have a small jelly attached to you that senses nearby items. [Jiyva's grace]
 55591 | Slime:1  | Entered Level 1 of the Pits of Slime
 55624 | Slime:6  | Entered Level 6 of the Pits of Slime
 55638 | Slime:6  | Gained mutation: Your muscles are strong. (Str +2) [Jiyva's grace]
 55644 | Slime:6  | Found a viscous altar of Jiyva.
 55645 | Slime:6  | Noticed the royal jelly
 55647 | Slime:6  | Gained mutation: Your skin changes colour to match your surroundings (Stealth). [Jiyva's grace]
 55652 | Slime:6  | Gained mutation: You can spit poison. [Jiyva's grace]
 55654 | Slime:6  | Got a slimy zirconium amulet
 55654 | Slime:6  | Identified Afih's Catalogue of Frigorific Arcane Weapons (You found it on level 6 of the Pits of Slime)
 55657 | Slime:6  | Lost mutation: You are robust (+10% HP). [Jiyva's grace]
 55664 | Slime:6  | Got a blackened great sword
 55683 | Slime:6  | Got a slimy rune of Zot
 55703 | Slime:6  | Identified the amulet of Kamarr {Stasis +Inv} (You found it on level 6 of the Pits of Slime)
 56068 | Vaults:1 | Entered Level 1 of the Vaults
 56151 | Vaults:1 | Reached skill level 10 in Ice Magic
 56158 | Vaults:1 | Cast into the Abyss (orc knight)
 56163 | Abyss:1  | Found a corrupted altar of Lugonu.
 56313 | Vaults:1 | Escaped the Abyss
 56372 | Vaults:1 | Gained mutation: Your system is resistant to poisons. [Jiyva's grace]
 56383 | Vaults:1 | Gained mutation: Armour fits poorly on your pseudopods. [Jiyva's grace]
 56389 | Vaults:1 | Lost mutation: Your muscles are strong. (Str +2) [Jiyva's grace]
 56392 | Vaults:1 | Lost mutation: Armour fits poorly on your pseudopods. [Jiyva's grace]
 56410 | Vaults:1 | Lost mutation: Your flesh is very cold resistant. [Jiyva's grace]
 56551 | Vaults:1 | Lost mutation: Your skin changes colour to match your surroundings (Stealth). [Jiyva's grace]
 56551 | Vaults:1 | Gained mutation: Your skin is partially translucent (Stealth, -foe acc). [Jiyva's grace]
 56614 | Vaults:1 | Lost mutation: You can spit poison. [mutagenic meat]
 56665 | Vaults:1 | Found Awudupodast's Weapon Boutique.
 56810 | Vaults:1 | Lost mutation: Your system is resistant to poisons. [evolution]
 56872 | Vaults:1 | Lost mutation: Your flesh is cold resistant. [Jiyva's grace]
 57075 | Vaults:1 | Gained mutation: You are resistant to electric shocks. [Jiyva's grace]
 57291 | Vaults:1 | Lost mutation: Your skin is partially translucent (Stealth, -foe acc). [mutagenic meat]
 57585 | Vaults:2 | Gained mutation: Armour fits poorly on your pseudopods. [Jiyva's grace]
 57852 | Vaults:2 | Gained mutation: Your skin is partially translucent (Stealth, -foe acc). [Jiyva's grace]
 57903 | Vaults:2 | Gained mutation: You can spit poison. [Jiyva's grace]
 57971 | Vaults:2 | Gained mutation: Armour fits poorly on your large pseudopods. [Jiyva's grace]
 57993 | Vaults:2 | Lost mutation: You have a pair of small horns on your head. [Jiyva's grace]
 58079 | Vaults:2 | Was placed under penance by Jiyva
 58094 | Vaults:2 | Was forgiven by Jiyva
 58097 | Vaults:2 | Was placed under penance by Jiyva
 58100 | Vaults:2 | Was forgiven by Jiyva
 58166 | Vaults:2 | Got a shimmering hat
 58177 | Vaults:2 | Identified the +0 hat of the Pleiades {+Rage +Inv rPois+} (You found it on level 2 of the Vaults)
 58195 | Vaults:2 | Found a radiant altar of Vehumet.
 58214 | Vaults:2 | Got an ichor-stained robe
 58244 | Vaults:2 | Lost mutation: Your skin is partially translucent (Stealth, -foe acc). [Jiyva's grace]
 58270 | Vaults:2 | Got an opalescent robe
 58281 | Vaults:2 | Identified the cursed +0 robe of Khefebri {+Twstr Dex-4} (You found it on level 2 of the Vaults)
 58292 | Vaults:2 | Identified the +0 robe of the Forest {rElec MR+ SInv} (You found it on level 2 of the Vaults)
 58517 | Vaults:2 | Gained mutation: You are clumsy. (Dex -2) [mutagenic meat]
 58518 | Vaults:2 | Lost mutation: You are clumsy. (Dex -2) [Jiyva's power]
 58671 | Vaults:2 | Reached skill level 10 in Spellcasting
 58671 | Vaults:2 | Reached XP level 21. HP: 159/159 MP: 36/36
 58675 | Vaults:2 | Lost mutation: You evolve. [Jiyva's grace]
 58747 | Vaults:3 | Found a portal to a secret trove of treasure.
 58862 | Vaults:3 | Learned a level 6 spell: Haste
 58928 | Vaults:3 | Found Schonoih's Jewellery Emporium.
 58937 | Vaults:3 | Lost mutation: You are partially covered in molten scales (AC +1). [potion of mutation]
 58937 | Vaults:3 | Lost mutation: Armour fits poorly on your large pseudopods. [potion of mutation]
 58937 | Vaults:3 | Lost mutation: You can spit poison. [potion of mutation]
 58957 | Vaults:3 | Found Treh's Food Shoppe.
 59058 | Vaults:3 | Lost mutation: You are partially covered in yellow scales (AC +2). [Jiyva's grace]
 59063 | Vaults:3 | Gained mutation: You are partially covered in slimy green scales (AC +2). [Jiyva's grace]
 59175 | Vaults:3 | Reached skill level 10 in Conjurations
 59207 | Vaults:3 | Noticed Asterion
 59207 | Vaults:3 | Gained mutation: Thin tendrils of slime have grown from your body. [Jiyva's grace]
 59233 | Vaults:3 | Killed Asterion
 59244 | Vaults:3 | Lost mutation: You can breathe flames. [Jiyva's grace]
 59355 | Vaults:3 | Found a staircase to the Crypt.
 59471 | Vaults:3 | Gained mutation: You can spit poison. [Jiyva's grace]
 59539 | Vaults:3 | Found Skialo's Weapon Boutique.
 59650 | Vaults:3 | Gained mutation: Your skin is partially translucent (Stealth, -foe acc). [Jiyva's grace]
 59660 | Vaults:3 | Found Jyusonyl's Food Boutique.
 59769 | Vaults:3 | Lost mutation: You are partially covered in slimy green scales (AC +2). [Jiyva's grace]
 60158 | Vaults:3 | Gained mutation: You have a somewhat thin skeletal structure (Dex +2, Stealth). [Jiyva's grace]
 60808 | Vaults:4 | Lost mutation: You have very sharp teeth. [Jiyva's grace]
 60823 | Vaults:4 | Lost mutation: You can spit poison. [Jiyva's grace]
 61199 | Vaults:4 | Lost mutation: You have a somewhat thin skeletal structure (Dex +2, Stealth). [Jiyva's grace]
 61390 | Vaults:4 | Lost mutation: Your skin is partially translucent (Stealth, -foe acc). [Jiyva's grace]
 61503 | Vaults:4 | Lost mutation: You are resistant to electric shocks. [Jiyva's grace]
 61892 | Vaults:4 | Gained mutation: Your flesh is cold resistant. [mutagenic meat]
 61894 | Vaults:4 | Gained mutation: You are partially covered in icy blue scales (AC +1). [mutagenic meat]
 61895 | Vaults:4 | Gained mutation: You can breathe flames. [mutagenic meat]
 61896 | Vaults:4 | Lost mutation: Armour fits poorly on your pseudopods. [mutagenic meat]
 61897 | Vaults:4 | Lost mutation: You can breathe flames. [mutagenic meat]
 61898 | Vaults:4 | Gained mutation: You are partially covered in large bone plates (AC +2, SH +2). [mutagenic meat]
 61965 | Vaults:5 | Entered Level 5 of the Vaults
 61985 | Vaults:4 | Reached XP level 22. HP: 165/165 MP: 38/38
 61995 | Vaults:5 | Noticed an ancient lich
 62022 | Vaults:4 | Lost mutation: You are partially covered in large bone plates (AC +2, SH +2). [Jiyva's grace]
 62047 | Vaults:4 | Gained mutation: You have difficulty communicating with the divine. [Jiyva's grace]
 62049 | Vaults:4 | Lost mutation: You have difficulty communicating with the divine. [Jiyva's power]
 62051 | Vaults:4 | Lost mutation: You are partially covered in icy blue scales (AC +1). [Jiyva's grace]
 62520 | Vaults:4 | Killed an ancient lich
 62528 | Vaults:4 | Lost mutation: Your flesh is cold resistant. [Jiyva's grace]
 62833 | Vaults:5 | Found Qierr's Magic Scroll Shop.
 62854 | Vaults:5 | Bought a scroll of immolation for 56 gold pieces
 62854 | Vaults:5 | Bought a scroll of immolation for 56 gold pieces
 62854 | Vaults:5 | Bought 2 scrolls of immolation for 112 gold pieces
 62854 | Vaults:5 | Bought a scroll of identify for 32 gold pieces
 62854 | Vaults:5 | Bought a scroll of acquirement for 832 gold pieces
 62855 | Vaults:5 | Got a dazzling ring mail
 62856 | Vaults:5 | Lost mutation: You are partially covered in rough black scales (AC +4, Dex -1). [Jiyva's grace]
 62866 | Vaults:5 | Identified the -5 ring mail of the Invisible Hand {Noisy rN+ rCorr MP+9} (You acquired it on level 5 of the Vaults)
 62868 | Vaults:5 | Gained mutation: Your natural rate of healing is unusually fast. [Jiyva's grace]
 62879 | Vaults:5 | Gained mutation: You have acidic saliva. [Jiyva's grace]
 62885 | Vaults:5 | Found Seagike's Distillery.
 62924 | Vaults:5 | Gained mutation: Your rubbery body absorbs attacks (AC +1). [Jiyva's grace]
 62954 | Vaults:5 | Gained mutation: Your spells are a little easier to cast, but a little less powerful. [Jiyva's grace]
 62964 | Vaults:5 | Lost mutation: Your spells are a little easier to cast, but a little less powerful. [Jiyva's power]
 62966 | Vaults:5 | Bought a potion of mutation for 42 gold pieces
 62966 | Vaults:5 | Gained mutation: You are dopey. (Int -2) [potion of mutation]
 62967 | Vaults:5 | Lost mutation: You are dopey. (Int -2) [Jiyva's power]
 62981 | Vaults:5 | Noticed a golden dragon
 63000 | Vaults:5 | Killed a golden dragon
 63113 | Vaults:5 | Gained mutation: You have a pair of small horns on your head. [mutagenic meat]
 63114 | Vaults:5 | Gained mutation: You are dopey. (Int -2) [mutagenic meat]
 63116 | Vaults:5 | Gained mutation: You expend magic power (3 MP) to slightly strengthen your wands. [mutagenic meat]
 63117 | Vaults:5 | Lost mutation: You are dopey. (Int -2) [Jiyva's power]
 63118 | Vaults:5 | Lost mutation: You expend magic power (3 MP) to slightly strengthen your wands. [Jiyva's power]
 63206 | Vaults:5 | Found Qodgha Vufrou's Distillery.
 63211 | Vaults:5 | Bought a potion of mutation for 55 gold pieces
 63211 | Vaults:5 | Gained mutation: Your magical capacity is low (-10% MP). [potion of mutation]
 63211 | Vaults:5 | Gained mutation: Your spells are a little easier to cast, but a little less powerful. [potion of mutation]
 63211 | Vaults:5 | Gained mutation: You are clumsy. (Dex -2) [potion of mutation]
 63212 | Vaults:5 | Lost mutation: Your spells are a little easier to cast, but a little less powerful. [Jiyva's power]
 63331 | Vaults:5 | Got a steaming amethyst amulet
 63361 | Vaults:5 | Gained mutation: You have sharp fingernails. [Jiyva's grace]
 63538 | Vaults:5 | Lost mutation: You are covered in fur (AC +1). [Jiyva's grace]
 63647 | Vaults:5 | Identified Sif Muna's Almanac of Hurtful Weightlessness (You found it on level 5 of the Vaults)
 63674 | Vaults:4 | Lost mutation: Your magical capacity is low (-10% MP). [Jiyva's power]
 63896 | Vaults:5 | Reached XP level 23. HP: 171/171 MP: 39/39
 63924 | Vaults:5 | HP: 11/222 [yaktaur captain (10)]
 63958 | Vaults:5 | HP: 11/222 [acid (6)]
 63990 | Vaults:5 | Gained mutation: You can breathe flames. [mutagenic meat]
 64013 | Vaults:5 | Lost mutation: You have a pair of small horns on your head. [Jiyva's grace]
 64196 | Vaults:5 | Identified the amulet of Lacw {Gourm Contam +Rage Slay-6 SInv} (You took it off a deep elf annihilator on level 5 of the Vaults)
 64394 | Vaults:5 | Identified the Collected Works on Hurtful Creation
 64447 | Vaults:5 | Noticed a golden dragon
 64457 | Vaults:5 | Killed a golden dragon
 64457 | Vaults:5 | Reached skill level 15 in Ice Magic
 64497 | Vaults:5 | Lost mutation: You have acidic saliva. [Jiyva's grace]
 64499 | Vaults:5 | Lost mutation: You are clumsy. (Dex -2) [Jiyva's power]
 64596 | Vaults:5 | Gained mutation: You are clumsy. (Dex -2) [a cacodemon]
 64633 | Vaults:5 | Got a silver rune of Zot
 64664 | Vaults:5 | Gained mutation: You evolve. [Jiyva's grace]
 64670 | Vaults:5 | Lost mutation: You are clumsy. (Dex -2) [Jiyva's power]
 64799 | Vaults:5 | Lost mutation: Thin tendrils of slime have grown from your body. [Jiyva's grace]
 64812 | Vaults:5 | Found Erhejaej's Food Boutique.
 64833 | Vaults:5 | Gained mutation: Thin tendrils of slime have grown from your body. [Jiyva's grace]
 64961 | Vaults:5 | Gained mutation: You have acidic saliva. [Jiyva's grace]
 65074 | Vaults:5 | Got a twisted leather armour
 65075 | Vaults:5 | Identified the +2 leather armour of the Apprentice {+Twstr rCorr SInv} (You took it off an ironbrand convoker on level 5 of the Vaults)
 65204 | Vaults:5 | Was placed under penance by Jiyva
 65382 | Vaults:5 | Gained mutation: Your body is slowly deteriorating. [mutagenic meat]
 65584 | Vaults:5 | Was forgiven by Jiyva
 65585 | Vaults:5 | Lost mutation: Your body is slowly deteriorating. [Jiyva's power]
 65588 | Vaults:5 | Gained mutation: You are robust (+10% HP). [Jiyva's grace]
 65601 | Vaults:5 | Lost mutation: Your rubbery body absorbs attacks (AC +1). [Jiyva's grace]
 65796 | Vaults:3 | Gained mutation: You are partially covered in yellow scales (AC +2). [evolution]
 66047 | Depths:1 | Found a one-way gate leading to the halls of Pandemonium.
 66102 | Depths:1 | Noticed an octopode crusher
 66136 | Depths:1 | Gained mutation: You are partially covered in large bone plates (AC +2, SH +2). [Jiyva's grace]
 66221 | Depths:1 | Gained mutation: Your body is slowly deteriorating. [Jiyva's grace]
 66222 | Depths:1 | Lost mutation: Your body is slowly deteriorating. [Jiyva's power]
 66273 | Depths:1 | Found a gateway to Hell.
 66384 | Depths:1 | Gained mutation: You expend magic power (3 MP) to slightly strengthen your wands. [mutagenic meat]
 66385 | Depths:1 | Gained mutation: Your flesh is cold resistant. [mutagenic meat]
 66387 | Depths:1 | Lost mutation: You expend magic power (3 MP) to slightly strengthen your wands. [Jiyva's power]
 66407 | Depths:1 | Was placed under penance by Jiyva
 66577 | Depths:1 | Was forgiven by Jiyva
 66898 | Depths:2 | Reached skill level 15 in Conjurations
 66943 | Depths:2 | Lost mutation: Thin tendrils of slime have grown from your body. [mutagenic meat]
 66944 | Depths:2 | Gained mutation: You are partially covered in rough black scales (AC +4, Dex -1). [mutagenic meat]
 66950 | Depths:2 | Lost mutation: You evolve. [Jiyva's grace]
 66955 | Depths:2 | Lost mutation: Your natural rate of healing is unusually fast. [Jiyva's grace]
 67028 | Depths:2 | Reached XP level 24. HP: 98/195 MP: 41/41
 67152 | Depths:2 | Gained mutation: You can breathe fire. [Jiyva's grace]
 67274 | Depths:2 | Lost mutation: You are partially covered in large bone plates (AC +2, SH +2). [Jiyva's grace]
 67416 | Depths:2 | Gained mutation: Your skin changes colour to match your surroundings (Stealth). [Jiyva's grace]
 67575 | Depths:2 | Found Strebudi's General Store.
 67791 | Depths:2 | Noticed Sojobo
 67802 | Depths:2 | Killed Sojobo
 67846 | Depths:2 | Gained mutation: You can breathe blasts of fire. [mutagenic meat]
 67850 | Depths:2 | Gained mutation: Your magical capacity is low (-10% MP). [mutagenic meat]
 67852 | Depths:2 | Lost mutation: You have acidic saliva. [mutagenic meat]
 67853 | Depths:2 | Lost mutation: Your magical capacity is low (-10% MP). [Jiyva's power]
 68075 | Depths:2 | Gained mutation: Armour fits poorly on your pseudopods. [Jiyva's grace]
 68345 | Depths:1 | Lost mutation: You are robust (+10% HP). [Jiyva's grace]
 68691 | Temple   | Fell from the grace of Jiyva
 68691 | Temple   | Became a worshipper of Zin the Law-Giver
 68691 | Temple   | Acquired Zin's first power
 68691 | Temple   | Acquired Zin's second power
 68692 | Temple   | Donated 336 gold pieces to Zin
 68693 | Temple   | Donated 168 gold pieces to Zin
 68694 | Temple   | Donated 84 gold pieces to Zin
 68695 | Temple   | Donated 42 gold pieces to Zin
 68695 | Temple   | Donated 21 gold pieces to Zin
 68695 | Temple   | Donated 11 gold pieces to Zin
 68695 | Temple   | Donated 5 gold pieces to Zin
 68695 | Temple   | Donated 3 gold pieces to Zin
 68808 | D:9      | Acquired Zin's third power
 69402 | Slime:5  | Gained mutation: Scrolls take you a little longer to read. [mutagenic glow]
 70834 | D:15     | Acquired Zin's fourth power
 71089 | Depths:1 | Gained mutation: Armour fits poorly on your strangely shaped body. [mutagenic glow]
 71126 | Depths:1 | Gained mutation: Your magical capacity is low (-10% MP). [mutagenic glow]
 72447 | Depths:3 | Learned a level 9 spell: Glaciate
 73229 | Depths:2 | Learned a level 7 spell: Orb of Destruction
 74423 | Depths:2 | HP: 8/178 [deep troll earth mage (13)]
 74423 | Depths:2 | HP: 3/178 [deep troll earth mage (5)]
 75409 | Depths:3 | Reached XP level 25. HP: 155/184 MP: 16/37
 75624 | Depths:3 | Was forgiven by Jiyva
 76252 | Vaults:2 | Fell from the grace of Zin
 76252 | Vaults:2 | Became a worshipper of Vehumet
 77747 | Depths:4 | Reached skill level 18 in Ice Magic
 77895 | Depths:4 | Acquired Vehumet's first power
 77895 | Depths:4 | Offered knowledge of Freeze by Vehumet.
 78367 | Depths:4 | Noticed Mara
 78372 | Depths:4 | Killed Mara
 79020 | Depths:4 | Noticed an ancient lich
 79239 | Depths:4 | Found a gateway to a ziggurat.
 79794 | Depths:4 | Found a one-way gate to the infinite horrors of the Abyss.
 80252 | Depths:4 | Killed an ancient lich
 80782 | Depths:5 | Entered Level 5 of the Depths
 81224 | Depths:5 | Offered knowledge of Throw Frost by Vehumet.
 82486 | Depths:5 | Offered knowledge of Dazzling Spray by Vehumet.
 82815 | Depths:5 | Reached skill level 19 in Ice Magic
 82816 | Depths:5 | Acquired Vehumet's second power
 83232 | Depths:5 | Reached XP level 26. HP: 191/191 MP: 37/37
 83368 | Depths:5 | Offered knowledge of Force Lance by Vehumet.
 83700 | Depths:5 | Found a gate to the Realm of Zot.
 83706 | Zot:1    | Entered Level 1 of the Realm of Zot
 85311 | Zot:2    | Acquired Vehumet's third power
 86372 | Zot:2    | Offered knowledge of Throw Icicle by Vehumet.
 86696 | Zot:2    | Reached skill level 20 in Ice Magic
 88625 | Orc:3    | Bought a scroll of enchant armour for 210 gold pieces
 88625 | Orc:3    | Bought 2 potions of brilliance for 224 gold pieces
 88625 | Orc:3    | Bought a runed helmet for 126 gold pieces
 88973 | Vaults:3 | You paid a toll of a +2 gold dragon armour to enter a treasure trove
 88974 | Trove    | Entered a treasure trove
 89034 | Trove    | Got a translucent pewter ring
 89037 | Trove    | Identified the ring of Xom's Sleight of Hands {+/*Tele rF+ MR+ Slay-3} (You found it in a treasure trove)
 89043 | Trove    | Got a twisted cloak
 89048 | Trove    | Identified the +2 cloak of Courage {-Tele *Rage rElec rCorr} (You found it in a treasure trove)
 89099 | Trove    | Got a bloodstained eveningstar
 89126 | Trove    | Got a fine rapier
 89129 | Trove    | Identified the +6 eveningstar of the Illusory Places {freeze, rElec rN+ Dex+3} (You found it in a treasure trove)
 89131 | Trove    | Identified the -1 rapier of Greed {antimagic, MR- Dex+2 Stlth+} (You found it in a treasure trove)
 89161 | Vaults:3 | Gained mutation: Your mind is acute. (Int +2) [potion of beneficial mutation]
 89162 | Vaults:3 | Gained mutation: You evolve. [potion of beneficial mutation]
 89522 | Shoals:1 | Entered Level 1 of the Shoals
 91158 | Shoals:2 | Learned a level 3 spell: Regeneration
 91494 | Shoals:3 | Reached skill level 1 in Charms
 91574 | Shoals:3 | Found a shimmering altar of Xom.
 91712 | Shoals:3 | Found Freeff's Book Boutique.
 91725 | Shoals:3 | Offered knowledge of Airstrike by Vehumet.
 91979 | Shoals:3 | Lost mutation: Armour fits poorly on your pseudopods. [evolution]
 91998 | Shoals:3 | Reached XP level 27. HP: 197/197 MP: 37/38
 92416 | Shoals:4 | Got a pair of pitted gloves
 92419 | Shoals:4 | Identified the cursed -4 pair of gloves of Impermeability {rC++ MR+ Regen+} (You found it on level 4 of the Shoals)
 93135 | Shoals:5 | Entered Level 5 of the Shoals
 93417 | Shoals:5 | Reached skill level 15 in Spellcasting
 93764 | Shoals:5 | Reached skill level 21 in Ice Magic
 93768 | Shoals:5 | Noticed Ilsuiw
 93774 | Shoals:5 | Killed Ilsuiw
 94221 | Shoals:5 | Got a barnacled rune of Zot
 95123 | Zig:1    | Entered Level 1 of a ziggurat
 95168 | Zig:2    | Entered Level 2 of a ziggurat
 95327 | Zig:3    | Entered Level 3 of a ziggurat
 95379 | Zig:4    | Entered Level 4 of a ziggurat
 95391 | Zig:4    | Offered knowledge of Bolt of Magma by Vehumet.
 95413 | Zig:5    | Entered Level 5 of a ziggurat
 95510 | Zig:6    | Entered Level 6 of a ziggurat
 95606 | Zig:6    | Got a scintillating bronze ring
 95628 | Zig:6    | Identified the ring of Gravvebu {MP+9 Slay+3} (You found it on level 6 of a ziggurat)
 95691 | Zig:6    | Upgraded the game from 0.16-a0-3625-g2624681 to 0.16-a0-3636-gf0307c9
 95699 | Zig:7    | Entered Level 7 of a ziggurat
 95742 | Zig:7    | Gained mutation: You are partially covered in slimy green scales (AC +2). [potion of beneficial mutation]
 95880 | Zig:7    | Got a translucent falchion
 95883 | Zig:7    | Identified the +3 falchion "Twalosm" {speed, +Blink +Fly rPois- MR++ Dex+2 SInv} (You found it on level 7 of a ziggurat)
 95890 | Zig:7    | Reached skill level 22 in Ice Magic
 95893 | Zig:8    | Entered Level 8 of a ziggurat
 95924 | Zig:8    | Got a faintly glowing leather armour
 95927 | Zig:8    | Identified the +3 leather armour of Awe {rN++ HP-9 Int+3 Stlth+} (You found it on level 8 of a ziggurat)
 95968 | Zig:9    | Entered Level 9 of a ziggurat
 95975 | Zig:9    | Noticed Ilasism the pandemonium lord
 95982 | Zig:9    | Killed Ilasism the pandemonium lord
 96054 | Zig:9    | Learned a level 1 spell: Summon Butterflies
 96056 | Zig:9    | Got a clouded copper ring
 96059 | Zig:9    | Identified the ring of Stitad {-Tele rPois+ rN++ MR+ HP+9 Dex+4 Stlth+} (You found it on level 9 of a ziggurat)
 96073 | Zig:10   | Entered Level 10 of a ziggurat
 96087 | Zig:10   | Noticed Giukhla the pandemonium lord
 96092 | Zig:10   | Killed Giukhla the pandemonium lord
 96150 | Zig:10   | Got a pair of steaming gloves
 96153 | Zig:10   | Identified the +0 pair of gloves of the Hills {*Tele +Rage Regen+ Int+3 Dex+3} (You acquired it on level 10 of a ziggurat)
 96303 | Zig:11   | Entered Level 11 of a ziggurat
 96380 | Zig:11   | Got a coiled platinum ring
 96385 | Zig:11   | Reached skill level 23 in Ice Magic
 96404 | Zig:11   | Identified the ring of Desiulau {Noisy +Inv rF+ MR++ MP-9 Int+4} (You found it on level 11 of a ziggurat)
 96436 | Zig:12   | Entered Level 12 of a ziggurat
 96445 | Zig:12   | Lost mutation: Armour fits poorly on your strangely shaped body. [a shining eye]
 96513 | Zig:12   | Identified Psozuywk's Reference Book on Mutagenic Clay
 96523 | Zig:12   | Got a transparent bronze ring
 96526 | Zig:12   | Identified the ring "Maittuse" {-Cast +Inv +Fly MR+} (You found it on level 12 of a ziggurat)
 96540 | Zig:13   | Entered Level 13 of a ziggurat
 96549 | Zig:13   | Noticed Khatubb the pandemonium lord
 96554 | Zig:13   | HP: 4/197 [Hell Sentinel/blast of hellfire (46)]
 96554 | Zig:13   | Killed from afar by a Shadow Fiend

Inventory:

Hand weapons
 s - the +1 eveningstar "Brilliance" (weapon) {holy, rN+ AC+5 Int+5}
   (You found it on level 11 of a ziggurat)

   It has been blessed by the Shining One to cause great damage to the undead
   and demons.
   It affects your AC (+5).
   It affects your intelligence (+5).
   It protects you from negative energy.
Armour
 e - the +2 pair of boots of the Assassin (worn) {Stlth++}
   (You acquired it on level 1 of the Realm of Zot)

   It makes you much more stealthy.
 u - a +5 shield of reflection (worn)
 x - the +0 hat of the Pleiades (worn) {+Rage +Inv rPois+}
   (You found it on level 2 of the Vaults)

   It protects you from poison.
   It lets you turn invisible.
   It lets you go berserk.
 y - a +1 pair of gloves of dexterity (worn)
 z - a +2 cloak of poison resistance (worn)
 X - the +0 robe of the Forest (worn) {rElec MR+ SInv}
   (You found it on level 2 of the Vaults)

   It insulates you from electricity.
   It affects your resistance to hostile enchantments.
   It enhances your eyesight.
Magical staves
 a - an uncursed staff of cold
 b - an uncursed staff of earth
Jewellery
 v - a ring of ice (left hand)
 B - the amulet "Cuschazy" (around neck) {rCorr rF++ Dex+3}
   (You took it off a deep elf priest on level 3 of the Elven Halls)

   [amulet of resist corrosion]

   It protects you from acid and corrosion.
   It affects your dexterity (+3).
   It greatly protects you from fire.
 E - the ring "Strut" (right hand) {+Rage MP+9 EV+5}
   (You took it off a deep elf knight on level 3 of the Elven Halls)

   [ring of evasion]

   It affects your evasion (+5).
   It affects your magic capacity (+9).
   It lets you go berserk.
 H - an uncursed ring of protection from magic
 I - an uncursed ring of flight
Magical devices
 d - a wand of disintegration (2)
 A - a wand of teleportation (1)
 K - a wand of digging (14)
 M - a wand of digging (9)
 R - a wand of heal wounds (1)
Scrolls
 i - 5 scrolls of blinking
 j - 13 scrolls of remove curse
 l - 23 scrolls of teleportation
 n - 7 scrolls of magic mapping
 p - 8 scrolls of identify
 q - 9 scrolls of fog
 r - a scroll of fear
 t - 8 scrolls of recharging
 C - a scroll of enchant armour
 F - 2 scrolls of immolation
Potions
 g - 12 potions of curing
 m - 5 potions of brilliance
 D - 7 potions of restore abilities
 N - 2 potions of cure mutation
 Q - 7 potions of flight
 U - a potion of invisibility
Books
 o - Psozuywk's Reference Book on Mutagenic Clay
   (You found it on level 12 of a ziggurat)

   Spells                             Type                      Level
   a - Sandblast                      Earth                        1
   b - Stoneskin                      Transmutation/Earth          2
   c - Leda's Liquefaction            Hexes/Earth                  4
   d - Iron Shot                      Conjuration/Earth            6
   e - Statue Form                    Transmutation/Earth          6
 W - a book of Annihilations {highlevel}

   Spells                             Type                      Level
   a - Poison Arrow                   Conjuration/Poison           6
   b - Chain Lightning                Conjuration/Air              8
   c - Lehudib's Crystal Spear        Conjuration/Earth            8
   d - Glaciate                       Conjuration/Ice              9
   e - Fire Storm                     Conjuration/Fire             9
Miscellaneous
 c - 4 lamps of fire (3 inert)
 f - a fan of gales (inert)
Comestibles
 h - a chunk of flesh
 J - a slice of pizza
 S - 21 bread rations

Table legend:
 A = Turns spent in this place as a percentage of turns spent in the entire game.
 B = Non-inter-level travel turns spent in this place as a percentage of non-inter-level travel turns spent in the entire game.
 C = Inter-level travel turns spent in this place as a percentage of turns spent in this place.
 D = Turns resting spent in this place as a percentage of non-inter-level travel turns spent in this place.
 E = Turns spent auto-exploring this place as a percentage of non-inter-level travel turns spent in this place.
 F = Non-inter-level travel turns spent in this place divided by the number of levels of this place that you've seen.
                   A       B       C       D       E      F
               +-------+-------+-------+-------+-------+----------------------
         Total | 100.0 | 100.0 |   1.0 |   7.8 |   6.7 | 384.4
       Dungeon |  19.8 |  19.6 |   1.6 |   8.2 |   9.1 | 382.5
        Temple |   0.1 |   0.1 |   6.9 |   0.0 |  59.3 |  27.0
          Lair |  13.1 |  13.1 |   1.0 |  10.0 |   6.9 | 478.2
        Shoals |   3.9 |   3.9 |   0.6 |   5.0 |  20.0 | 227.2
   Spider Nest |   7.8 |   7.8 |   0.4 |   4.1 |   4.5 | 458.6
    Slime Pits |   1.5 |   1.5 |   0.9 |   7.7 |   0.0 |  71.5
  Orcish Mines |   8.4 |   8.4 |   1.2 |   8.8 |   4.9 | 611.0
   Elven Halls |   7.6 |   7.6 |   1.0 |  12.6 |   4.1 | 736.7
        Vaults |  16.9 |  17.0 |   0.7 |   4.5 |   6.2 | 992.6
        Depths |  13.0 |  13.0 |   0.8 |   9.3 |   5.9 | 760.4
           Zot |   2.7 |   2.7 |   0.9 |  11.5 |  11.7 | 262.0
         Abyss |   0.6 |   0.6 |   0.0 |   0.0 |   0.6 | 166.0
      Ziggurat |   2.5 |   2.6 |   0.0 |   4.0 |   0.0 |  57.5
         Trove |   0.5 |   0.6 |   0.0 |   0.0 |   0.0 | 161.0
         Sewer |   1.6 |   1.7 |   0.0 |   8.1 |   0.4 | 484.0
               +-------+-------+-------+-------+-------+----------------------


   Skills:
 - Level 12.1 Fighting
 - Level 13.1 Dodging
 - Level 5.6 Stealth
 - Level 10.7 Shields
 - Level 17.4 Unarmed Combat
 * Level 15.3 Spellcasting
 + Level 21.0 Conjurations
 - Level 3.1 Charms
 - Level 4.0 Translocations
 - Level 16.8 Transmutations
 + Level 23.2 Ice Magic
 - Level 11.2 Earth Magic
 - Level 10.4 Evocations


You had 6 spell levels left.
You knew the following spells:

 Your Spells              Type           Power        Failure   Level  Hunger
a - Apportation           Tloc           ######....   1%          1    None
b - Orb of Destruction    Conj           ########..   1%          7    ####...
c - Regeneration          Chrm/Necr      #####.....   2%          3    None
d - Stoneskin             Trmt/Erth      #######.     0%          2    None
e - Blink                 Tloc           N/A          1%          2    None
f - Statue Form           Trmt/Erth      #######..    1%          6    ##.....
g - Lee's Rapid Deconstr  Erth           #######...   1%          5    None
h - Repel Missiles        Chrm/Air       #####.       1%          2    None
i - Bolt of Cold          Conj/Ice       ########..   1%          6    ##.....
j - Haste                 Chrm           #####...     80%         6    ##.....
k - Glaciate              Conj/Ice       ########..   5%          9    #######
l - Summon Butterflies    Summ           ####....     1%          1    None


Dungeon Overview and Level Annotations

Branches:
Dungeon (15/15)            Temple (1/1) D:7            Lair (8/8) D:9
 Shoals (5/5) Lair:6       Spider (5/5) Lair:5        Slime (6/6) Lair:6
    Orc (4/4) D:10            Elf (3/3) Orc:4        Vaults (5/5) D:13
  Crypt (0/3) Vaults:3     Depths (5/5) D:15            Zot (3/5) Depths:5

Altars:
Ashenzari
Cheibriados
Dithmenos
Elyvilon
Fedhas
Gozag
Kikubaaqudgha
Makhleb
Nemelex Xobeh
Okawaru
Qazlal
Ru
Sif Muna
Trog
Vehumet
Xom
Yredelemnul
Zin
The Shining One
Jiyva

Shops:
Orc:1 (   Orc:2 [   Orc:3 *   Orc:4 }:[!*   Elf:3 **}[(   Shoals:3 :
Vaults:1 (   Vaults:3 %%=(   Vaults:5 %?!!   Depths:2 *

Portals:
Hell: Depths:1 Depths:2 Depths:3 Depths:4 Depths:5
Abyss: Depths:4 Depths:5
Pandemonium: Depths:1 Depths:3 Depths:4 Depths:5

Annotations:
D:9 runed door
Slime:6 Royal Jelly
Elf:2 runed door


Innate Abilities, Weirdness & Mutations

You revert to your normal form in water.
You are very nimble and swift while swimming.
You have sharp fingernails.
You are partially covered in rough black scales (AC +4, Dex -1).
You are partially covered in slimy green scales (AC +2).
You are partially covered in yellow scales (AC +2).
Your skin changes colour to match your surroundings (Stealth).
Scrolls take you a little longer to read.
You can breathe blasts of fire.
Your mind is acute. (Int +2)
Your flesh is cold resistant.
Your magical capacity is low (-10% MP).
You evolve.


Message History

A sixfirhy and a corrupter come into view.
Unknown command.
Casting: Glaciate
Confirm with . or Enter, or press ? or * to list all spells.
Aiming: Glaciate
Press: ? - help, Shift-Dir - straight line You feel a surge of power!
You miscast Glaciate.
You are momentarily dazzled by a flash of light!
You are near starving!
The sixfirhy is engulfed in freezing vapours. x3
Khatubb calls on the powers of darkness!
The monstrous corrupter convulses!
Your body is wracked with pain!
The sixfirhy is engulfed in freezing vapours.
You block the Hell Sentinel's attack. The Hell Sentinel misses you.
A blizzard demon comes into view.
Evoke which item? (* to show all) (? for menu, Esc to quit)
Zapping:
R - a wand of heal wounds (3)
Press: ? - help, Shift-Dir - straight line, f - you You feel much better.
This wand has 2 charges left.
The sixfirhy is engulfed in freezing vapours. x4
The Ice Fiend calls on the powers of darkness!
The monstrous corrupter convulses!
Your body is wracked with pain!
An orange demon comes into view.
Evoke which item? (* to show all) (? for menu, Esc to quit)
Zapping:
R - a wand of heal wounds (2)
Press: ? - help, Shift-Dir - straight line, f - you You feel much better.
This wand has 1 charge left.
The sixfirhy is engulfed in freezing vapours.
You kill the sixfirhy!
Vehumet accepts your kill.
You feel your power returning.
One of your lamps of fire (3 inert) has recharged.
The Hell Sentinel gestures at you.
The hellfire explodes!
The blast of hellfire engulfs you!
The blast of hellfire engulfs the Hell Sentinel.
The Hell Sentinel completely resists.
The Shadow Fiend is engulfed in freezing vapours.
The Shadow Fiend gestures at you. The bolt of cold hits you! You resist.
You die...

▓▓▓▓▓▓▓▓▓▓▓
▓▓.....§8§§▓
▓▓.....§§§§§.
▓▓.....1§11§§§.
▓▓.....@§§&§8126
▓▓......#####14§!
▓▓.......#{..#
▓.∩......#.5.#4
▓▓.......#...#..
▓▓......##### .
▓▓..........
▓▓........
▓▓.....


You could see Khatubb, a Hell Sentinel, 2 Ice Fiends, 2 Shadow Fiends, a
monstrous corrupter, a blizzard demon, an orange demon and a red devil.

Table legend:
 A = Kills in this place as a percentage of kills in entire the game.
 B = Kills by you in this place as a percentage of kills by you in the entire game.
 C = Kills by friends in this place as a percentage of kills by friends in the entire game.
 D = Other kills in this place as a percentage of other kills in the entire game.
 E = Experience gained in this place as a percentage of experience gained in the entire game.
 F = Experience gained in this place divided by the number of levels of this place that you have seen.
                   A       B       C       D       E      F
               +-------+-------+-------+-------+-------+----------------------
         Total | 100.0 | 100.0 | 100.0 | 100.0 | 100.0 | 18632.5
       Dungeon |  18.4 |  18.9 |   3.4 |   0.0 |   5.0 | 4677.6
          Lair |  12.8 |  13.1 |   0.0 |   0.0 |   4.9 | 8594.1
        Shoals |   5.6 |   5.7 |   0.0 |   0.0 |   6.3 | 17894.2
   Spider Nest |  10.2 |  10.0 |  31.0 |  12.5 |   7.6 | 21391.0
    Slime Pits |   0.4 |   0.4 |   0.0 |   0.0 |   0.7 | 1722.2
  Orcish Mines |   7.7 |   7.9 |   0.0 |   0.0 |   0.7 | 2594.8
   Elven Halls |   5.8 |   5.8 |   0.0 |   5.0 |   8.6 | 40432.3
        Vaults |  18.1 |  17.5 |  41.4 |  47.5 |  27.6 | 78074.0
        Depths |  12.5 |  12.3 |   6.9 |  32.5 |  22.8 | 64491.8
           Zot |   2.2 |   2.3 |   0.0 |   0.0 |   7.1 | 33596.3
         Abyss |   0.1 |   0.1 |   0.0 |   0.0 |   0.0 | 526.0
      Ziggurat |   4.5 |   4.4 |  17.2 |   2.5 |   8.8 | 9555.8
         Sewer |   1.7 |   1.8 |   0.0 |   0.0 |   0.0 | 347.0
               +-------+-------+-------+-------+-------+----------------------

Vanquished Creatures
  2 ancient liches
  Sojobo (Depths:2)
  A shard shrike (Zig:8)
  Norris (D:12)
  3 Killer Klowns
  A curse toe (Zot:3)
  Mara (Depths:4)
  7 golden dragons
  A profane servitor (Zig:5)
  A bone dragon (Zig:8)
  An electric golem (Zot:1)
  Nikola (Spider:4)
  2 pandemonium lords
  A Hell Sentinel (Zig:10)
  14 tentacled monstrosities
  3 Ice Fiends (Zig:10)
  3 quicksilver dragons
  Asterion (Vaults:3)
  9 acid blobs
  3 deep elf blademasters
  2 deep elf master archers (Elf:3)
  A Shadow Fiend (Zig:10)
  5 liches
  3 titans
  8 sphinxes
  An octopode crusher (Depths:5)
  A kraken (Shoals:5)
  2 ancient champions
  Rupert (Spider:4)
  8 shadow dragons
  2 draconian monks
  9 tengu reavers
  A blood saint (Zig:13)
  8 storm dragons
  2 azure jellies
  A revenant (Zig:5)
  Ilsuiw (Shoals:5)
  A fire giant (shapeshifter) (Zig:9)
  8 fire giants
  Donald (D:12)
  23 vault wardens
  10 frost giants
  7 ghost moths
  2 balrugs
  4 iron dragons
  2 draconian knights
  Aizul (Spider:1)
  A curse skull (Zig:11)
  13 emperor scorpions
  15 deep elf sorcerers
  3 draconian shifters
  2 draconian annihilators (Zot:2)
  5 spriggan defenders
  3 war gargoyles
  2 reapers
  16 stone giants
  4 very ugly things
  2 draconian callers
  18 ironheart preservers
  5 grey draconians
  2 corrupters (Zig:10)
  4 green draconians
  6 black draconians
  8 deep elf demonologists
  2 death oozes (Slime:6)
  2 red draconians (Zot:2)
  A black sun (Zig:13)
  A purple draconian (Zot:1)
  20 deep elf annihilators
  4 white draconians
  The ghost of nubinia the Eclecticist, a powerful SpVM of Sif Muna (Orc:4)
  5 dire elephants
  5 pale draconians
  2 small abominations
  A caustic shrike zombie (Zig:4)
  14 ettins
  28 vault guards
  Snorg (Spider:3)
  3 eidola
  11 merfolk impalers
  6 deep elf death magi
  8 merfolk javelineers
  2 blizzard demons
  A quicksilver dragon zombie (D:15)
  8 fire dragons
  3 jiangshi
  9 great orbs of eyes
  14 yaktaur captains
  A great orb of eyes (shapeshifter) (Zig:9)
  7 minotaurs
  3 deep elf high priests
  9 ice dragons
  4 spriggan air magi
  Fannar (D:11)
  A death cob (Zot:2)
  A quicksilver dragon skeleton (Zig:8)
  7 rakshasas
  2 monstrous demonspawn
  10 hydras
  4 merfolk avatars
  Erica (Lair:8)
  11 deep troll earth magi
  16 ogre magi
  2 alligators (Zig:6)
  13 dancing weapons (Elf:2)
  A satyr (Shoals:4)
  A ghost crab (shapeshifter) (Vaults:1)
  3 merfolk aquamancers (Shoals:5)
  10 centaur warriors
  6 deep troll shamans
  6 vampire magi
  4 tengu warriors
  20 death yaks
  2 anacondas (shapeshifter)
  2 titan zombies
  A soul eater (Depths:3)
  4 spriggan berserkers (Depths:4)
  A hell knight (Depths:2)
  3 shadow wraiths
  4 unseen horrors
  8 wizards
  32 deep trolls
  3 hell beasts
  4 catoblepae
  A fire crab (Vaults:3)
  31 deep elf knights
  A death drake (shapeshifter) (Vaults:5)
  A golden dragon zombie (Zig:8)
  An iron troll (shapeshifter) (Zig:9)
  A deep troll (shapeshifter) (D:14)
  9 skeletal warriors
  19 deep elf summoners
  An unseen horror (shapeshifter) (Elf:3)
  9 sea snakes
  5 flayed ghosts
  5 giant orange brains
  An ice devil (Vaults:4)
  2 shadow demons
  3 swamp dragons (Depths:5)
  An obsidian statue (Elf:2)
  7 hill giants
  Erolcha (D:10)
  28 harpies
  16 ironbrand convokers
  13 orc knights
  A harpy (shapeshifter) (Vaults:5)
  An orc sorcerer (Orc:4)
  3 necromancers
  13 griffons
  14 orb spiders
  A mana viper (shapeshifter) (Vaults:5)
  17 deep elf conjurers
  20 manticores
  A stone giant zombie (Zig:7)
  A hornet (shapeshifter) (Vaults:4)
  2 oklob plants
  A frost giant zombie (Vaults:4)
  3 phantasmal warriors
  35 wolf spiders
  10 hornets
  2 tengu skeletons
  7 water nymphs
  21 moths of wrath
  A sixfirhy (Zig:13)
  7 elephants
  A stone giant skeleton (Vaults:5)
  5 fauns
  An iron dragon skeleton (Zig:7)
  35 ugly things
  11 sirens
  A frost giant skeleton (Zig:4)
  3 rust devils
  9 cyclopes
  A smoke demon (Zig:10)
  3 black mambas
  2 shining eyes
  A guardian serpent (shapeshifter) (Elf:3)
  13 vault sentinels
  21 eyes of devastation
  A black mamba (shapeshifter) (D:14)
  22 spiny frogs
  5 hellions
  A torpor snail (shapeshifter) (Depths:1)
  An orange crystal statue (Elf:2)
  3 torpor snails
  3 gargoyles
  2 naga magi (Vaults:2)
  A queen ant (shapeshifter) (Vaults:5)
  3 fire drakes
  A redback zombie (D:14)
  23 demonic crawlers
  6 komodo dragons
  2 kobold demonologists
  A tormentor (Vaults:5)
  A red devil (Zig:13)
  9 freezing wraiths
  44 yaktaurs
  A queen bee (Lair:2)
  3 tengu conjurers (D:13)
  17 deep elf priests
  4 polar bears
  The ghost of haldagan the Ducker, an experienced SpTm (D:4)
  A death yak skeleton (Depths:2)
  A catoblepas zombie (Zig:4)
  6 snapping turtles
  28 two-headed ogres
  37 jumping spiders
  A large abomination (Abyss:1)
  A wind drake (shapeshifter) (Vaults:3)
  3 giant leeches (Lair:8)
  A shadow dragon simulacrum (Vaults:5)
  A blue devil (Depths:5)
  2 wind drakes
  41 merfolk
  Grinder (D:6)
  11 ravens
  A troll (shapeshifter) (Vaults:3)
  2 spriggan zombies (Zig:7)
  47 slime creatures
  A fire dragon zombie (D:15)
  A jumping spider (shapeshifter) (Depths:1)
  10 boulder beetles
  8 trolls
  23 trapdoor spiders
  2 shadows
  3 ynoxinuls
  4 basilisks
  27 blink frogs
  2 ettin skeletons
  7 spriggans
  2 stone giant simulacra
  4 air elementals
  28 tarantellas
  69 redbacks
  A deep troll skeleton (D:15)
  45 yaks
  14 water elementals
  50 deep elf fighters
  4 wraiths
  36 deep elf magi
  A vampire (Zig:7)
  15 humans
  An orc simulacrum (Vaults:1)
  Eustachio (D:6)
  A golden eye (shapeshifter) (Vaults:5)
  9 wyverns
  A hog (shapeshifter) (Depths:3)
  5 steam dragons
  A yak (shapeshifter) (Zig:11)
  26 hippogriffs
  3 chaos spawn
  A yaktaur simulacrum (Vaults:4)
  2 hungry ghosts
  17 vampire mosquitoes
  2 neqoxecs
  4 golden eyes
  3 wargs
  A soldier ant (D:9)
  14 wolves
  15 water moccasins
  4 human zombies
  2 swamp drakes (Zig:6)
  11 porcupines
  A hell hound (Depths:2)
  16 spiders
  3 mottled dragons
  8 wasps
  A dwarf (shapeshifter) (Vaults:5)
  51 orc warriors
  A spider (shapeshifter) (Vaults:1)
  4 eyes of draining
  5 sky beasts
  2 phantoms
  A black bear (Lair:3)
  7 ice beasts
  3 necrophages
  A boggart (Depths:2)
  51 ogres
  43 centaurs
  2 boring beetles
  3 big kobolds
  17 crocodiles
  Blork the orc (D:6)
  35 giant frogs
  A wyvern zombie (D:12)
  14 killer bees
  A water moccasin skeleton (D:5)
  A wyvern skeleton (D:13)
  36 scorpions
  4 wights (D:15)
  8 electric eels
  An elf simulacrum (Vaults:5)
  5 centaur zombies
  10 crimson imps
  A giant frog zombie (D:12)
  6 goliath beetles
  2 quasits
  An elf zombie (Vaults:2)
  3 iron imps
  3 centaur skeletons
  144 jellies
  2 giant frog skeletons
  31 orc priests
  14 hounds
  13 human skeletons
  8 iguanas
  38 orc wizards
  9 hell rats
  A lightning spire (Zig:9)
  12 worker ants
  9 sheep
  A killer bee zombie (D:5)
  2 worker ant zombies
  8 gnolls
  37 adders
  58 river rats
  17 giant mites
  3 shadow imps
  5 white imps
  2 worms (D:2)
  An ufetubus (Depths:5)
  2 adder skeletons
  8 giant geckos
  5 oozes
  230 orcs
  5 bats
  2 bat skeletons
  11 giant cockroaches
  20 goblins
  25 hobgoblins
  11 jackals
  29 kobolds
  13 ball pythons (Sewer)
  A ball python skeleton (D:4)
  A giant gecko skeleton (D:4)
  3 giant newts
  A giant spore (D:12)
  An orc skeleton (Orc:4)
  14 quokkas
  64 rats
  8 blocks of ice (Zig:11)
  A butterfly (D:9)
  6 crawling corpses
  5 plants
  4 tentacles (Shoals:5)
3124 creatures vanquished.

Vanquished Creatures (collateral kills)
  2 acid blobs
  A tengu reaver (Vaults:5)
  An azure jelly (Zig:12)
  A ghost moth (Spider:4)
  A vault warden (Vaults:2)
  3 slime creatures
  A black draconian (Depths:5)
  A white draconian (Depths:5)
  A vault guard (Vaults:5)
  A great orb of eyes (Zig:12)
  A skeletal warrior (Vaults:2)
  2 ironbrand convokers
  3 wolf spiders (Spider:4)
  An orc knight (Vaults:4)
  A hornet (Spider:4)
  2 orb spiders
  A demonic crawler (Spider:2)
  A hellwing (Vaults:4)
  A deep elf priest (Vaults:2)
  6 jumping spiders
  A trapdoor spider (Spider:4)
  A redback (Spider:4)
  A tarantella (Spider:4)
  2 deep elf fighters
  2 spiders (Spider:5)
  2 orc warriors
  A boring beetle (Spider:4)
  A jelly (Vaults:2)
  A kobold (D:2)
44 creatures vanquished.

Vanquished Creatures (others)
  An acid blob (Vaults:5)
  An Executioner (Zig:13)
  An eldritch tentacle (Vaults:4)
  A great orb of eyes (Vaults:2)
  2 fire giants (Vaults:5)
  A very ugly thing (Vaults:3)
  2 stone giants
  A deep elf annihilator (Vaults:4)
  A merfolk javelineer (Depths:4)
  A vault guard (Vaults:4)
  A deep elf high priest (Elf:3)
  3 yaktaur captains
  2 centaur warriors (Depths:1)
  A death yak (Depths:1)
  2 deep elf knights
  A giant orange brain (Vaults:1)
  A hill giant (shapeshifter) (Vaults:5)
  5 harpies (Vaults:5)
  A deep elf conjurer (Elf:3)
  A wolf spider (Spider:5)
  2 orb spiders
  A hornet (Spider:4)
  An orc sorcerer (Elf:2)
  5 ugly things
  2 vault sentinels (Vaults:3)
  10 slime creatures
  A yaktaur skeleton (Vaults:5)
  An air elemental (Zig:12)
  A deep elf priest (Elf:2)
  9 yaktaurs
  23 fire elementals
  2 jumping spiders
  A two-headed ogre (Vaults:4)
  A boulder beetle (Vaults:3)
  A deep elf fighter (Elf:2)
  4 redbacks
  2 tarantellas
  3 deep elf magi
  A human (D:12)
  3 spiders
  12 boggarts
  5 ogres
  2 centaurs
  3 lost souls
  A scorpion (Spider:4)
  A killer bee (Vaults:5)
  2 orc priests
  403 jellies
  2 orc wizards
  8 orcs
  A goblin (Orc:2)
  A bat (Vaults:4)
  60 blocks of ice
  3 crawling corpses
  112 eldritch tentacle segments (Vaults:4)
  6 fungi
  22 plants
  14 tentacle segments (Shoals:5)
762 creatures vanquished.

Grand Total: 3930 creatures vanquished

Action                   |  1- 3 |  4- 6 |  7- 9 | 10-12 | 13-15 | 16-18 | 19-21 | 22-24 | 25-27 || total
-------------------------+-------+-------+-------+-------+-------+-------+-------+-------+-------++-------
Melee: Unarmed           |   114 |   243 |   266 |   781 |  1120 |  1261 |  1692 |  1615 |   125 ||  7217
       Dagger            |       |       |   178 |       |       |       |       |       |       ||   178
       Staff             |       |       |       |       |   120 |       |       |    10 |   144 ||   274
       Long sword        |       |       |       |       |    15 |       |       |       |       ||    15
 Cast: Beastly Appendage |    20 |    29 |    40 |    24 |       |       |       |       |       ||   113
       Spider Form       |     2 |     4 |    10 |    57 |    39 |     7 |       |       |       ||   119
       Sticks to Snakes  |       |     3 |       |       |       |       |       |       |       ||     3
       Ice Form          |       |       |       |    17 |    53 |       |       |     1 |       ||    71
       Blade Hands       |       |       |       |     4 |     6 |       |       |       |       ||    10
       Statue Form       |       |       |       |       |    11 |   107 |    88 |    55 |     1 ||   262
       Stoneskin         |       |       |       |       |       |    83 |   114 |    83 |     7 ||   287
       Lee's Rapid Decon |       |       |       |       |       |    12 |    36 |    28 |    22 ||    98
       Repel Missiles    |       |       |       |       |       |     2 |     7 |     6 |     4 ||    19
       Apportation       |       |       |       |       |       |     1 |     7 |     4 |     1 ||    13
       Blink             |       |       |       |       |       |    12 |     3 |    19 |    26 ||    60
       Bolt of Cold      |       |       |       |       |       |       |     1 |   102 |   376 ||   479
       Orb of Destructio |       |       |       |       |       |       |       |    18 |   242 ||   260
       Glaciate          |       |       |       |       |       |       |       |       |    50 ||    50
Invok: Cure Bad Mutation |       |       |       |       |       |     4 |     1 |    14 |       ||    19
       Request Jelly     |       |       |       |       |       |     3 |     6 |    15 |       ||    24
       Slimify           |       |       |       |       |       |       |     3 |     1 |       ||     4
       Vitalisation      |       |       |       |       |       |       |       |     1 |       ||     1
 Abil: Evoke Berserk Rag |     1 |     5 |    13 |     2 |     4 |     5 |    11 |    11 |       ||    52
       Breathe Fire      |       |       |       |       |       |       |     8 |     2 |       ||    10
       End Transformatio |       |       |       |       |       |       |     4 |    14 |       ||    18
Evoke: Wand              |       |     2 |     2 |    35 |    24 |    13 |       |    26 |    20 ||   122
       Rod               |       |       |       |       |       |     2 |       |       |       ||     2
       Deck              |       |       |       |       |       |     5 |     4 |    16 |       ||    25
       Lamp of fire      |       |       |       |       |       |     1 |     9 |    15 |     6 ||    31
       Fan of gales      |       |       |       |       |       |       |       |       |     2 ||     2
  Use: Scroll            |     4 |    10 |     7 |     7 |    17 |    16 |     8 |    23 |    26 ||   118
       Potion            |       |     1 |     2 |     2 |    13 |    22 |    11 |    20 |    14 ||    85
 Stab: Sleeping          |     1 |     3 |       |     1 |     8 |     6 |     5 |       |       ||    24
       Distracted        |       |       |       |     1 |     3 |     3 |     6 |     4 |     5 ||    22
       Invisible         |       |       |       |       |     3 |       |     1 |       |       ||     4
       Fleeing           |       |       |       |       |     1 |       |       |       |       ||     1
  Eat: Chunk             |     4 |    12 |    35 |    45 |    72 |    91 |    27 |    28 |   128 ||   442
       Royal jelly       |       |     1 |       |       |     1 |     4 |       |       |     4 ||    10
       Beef jerky        |       |       |     1 |     2 |       |     1 |       |     2 |     3 ||     9
       Fruit             |       |       |       |       |     4 |     6 |       |       |     5 ||    15
       Meat ration       |       |       |       |       |     1 |       |     1 |     5 |     9 ||    16
       Pizza             |       |       |       |       |       |     1 |     1 |     6 |     1 ||     9
       Bread ration      |       |       |       |       |       |       |       |       |     9 ||     9

Vault maps used:
D:1:      ncdulo_lavacross, minmay_liquid_box, hangedman_decor_diamond_cutter
D:3:      wad_crossroads, elyvilon_altar_5, portal_sewer_entry_c
D:4:      kennysheep_mini
D:5:      nicolae_tso_carved_into_rock, first_bread
D:6:      cheibrodos_ashenzari_chains, basic_altar, uniq_blork_the_orc,
          uniq_grinder, uniq_eustachio
D:7:      minmay_temple_entry_mist
D:8:      lemuel_crystal_altar, cheibrodos_beetle_habitat
D:9:      lemuel_insect_pit, nicolae_overflow_crystal_walls,
          makhleb_heckhound_becter, david_lair_generic
D:10:     hiddenorc1_lemuel, uniq_erolcha
D:11:     minmay_holes, the_bakery, uniq_fannar
D:12:     due_unseen_surprise
D:13:     david_vaults_3, minmay_misc_feat_plants
D:14:     infiniplex_staircase_x
D:15:     gammafunk_depths_entry_grave, minmay_misc_feat_secret_circle
Temple:   eino_temple_water_12
Lair:1:   hangedman_lair_unloving_vines
Lair:2:   special_room, grunt_megastairs_3, serial_bayou_shore_a
Lair:4:   beast_lair_carwin_7, serial_bayou_shore_b
Lair:5:   lemuel_ratsnest, nicolae_spider_entry_orb_guardian
Lair:6:   minmay_shoals_entry_beasts, slime_altar_1
Lair:7:   grunt_megastairs_4, infiniplex_staircase_pool_2, lemuel_fruit_fields
Lair:8:   minmay_lair_end_frog_pond, uniq_erica
Shoals:1: yaktaur_hedge
Shoals:2: nicolae_shoals_seven_spires
Shoals:3: serial_shops, nicolae_shop_temple_entry_statues_fountains,
          lemuel_oklob_altar
Shoals:4: ldierk_geyser
Shoals:5: shoals_end_simple, shoals_ilsuiw_alternative
Spider:1: spider_trap, uniq_aizul
Spider:2: guppyfry_spider_mini_3
Spider:3: uniq_snorg
Spider:4: spiders_nest_a, uniq_nikola, uniq_rupert
Spider:5: spider_rune_water, hangedman_spider_mandibles
Slime:4:  cheibrodos_slime_lost_civilization_6
Orc:1:    serial_shops, shop
Orc:2:    serial_shops, shop, basic_altar
Orc:3:    serial_shops, nicolae_shop_waterfront, nicolae_orc_pool_cavern
Orc:4:    st_orc_rangers, serial_shops, nicolae_shop_window_shopping
Elf:1:    kennysheep_underground_church, grunt_ministairs_9
Elf:2:    david_greed
Elf:3:    minmay_elf_hall_four_x, serial_shops, shop, shop, shop_fountains,
          shop, shop, st_stairs_1, grunt_megastairs_2
Vaults:1: st_smaller_cells, grunt_vaults_hallway_short, vaults_mumra_hexcomb,
          dpeg_vaults_monster_row, nicolae_vaults_circle_grid_b,
          nicolae_vaults_border_crossing, vaults_room_grunt_arrival_ludios,
          ontoclasm_vaults_misaligned, v_misc_32, v_rooms_4,
          nicolae_vaults_shelves_hall, serial_shops, nicolae_shop_trees
Vaults:2: nicolae_vaults_yaktaur_gun_rack, nicolae_vaults_gold_heap,
          ontoclasm_vaults_decontamination, v_misc_12, v_misc_9,
          grunt_tower_of_power, ontoclasm_vaults_shuriken,
          vaults_standard_mumra_lines, hangedman_vaults_unwind,
          nicolae_vaults_little_squares_3, vaults_room_fours, v_alt_pattern_1,
          nicolae_vaults_little_squares_6, grunt_vaults_focal, vaults_dpeg_ring
Vaults:3: v_misc_10, vaults_room_glass_cross, v_alt_pattern_1,
          minmay_crypt_entry_simple_plaza, v_misc_5, hangedman_vaults_locks,
          nicolae_vaults_asterisk, v_rooms_5,
          vaults_room_grunt_arrival_checkpoint, v_misc_22,
          nicolae_vaults_asterisk, serial_shops, shop, shop, shop_fountains,
          shop, nicolae_trove_entry_crossroad, uniq_asterion
Vaults:4: grunt_vaults_trifunnel, nicolae_vaults_halls_meeting,
          vaults_room_pool, nicolae_vaults_triangles,
          nicolae_vaults_diagonal_hallway_8, vaults_dpeg_doors, v_misc_26
Depths:1: pan_entry, minmay_misc_feat_room, grunt_hell_entry_dis_mu,
          baited_tele_trap, firewood_loft
Depths:2: minmay_dotted_concentric_squares, grunt_decor_arrowhead, serial_shops,
          kennysheep_little_box, grunt_mini_vestibule,
          kennysheep_generic_room_13, serial_bayou_shore_b,
          infiniplex_staircase_spiral, uniq_sojobo, uniq_norris
Depths:3: grunt_x_marks_the_spot, rand_demon_pan_entry_3, grunt_decor_fettered,
          pf_hell_entry_tar_spiral, serial_bayou_pond_b, hangedman_glass_teeth
Depths:4: minmay_eyes, enter_ziggurat_d, pan_entry, pf_coc_iceberg,
          abyss_entry_small_statue_room, serial_bayou_shore_b,
          serial_bayou_shore_b, uniq_mara
Depths:5: evilmike_zot_entry_gauntlet, grunt_decor_one_mirror, hell_entry,
          grunt_pan_entry_spiral, abyss_entry, serial_bayou_shore_b
Zot:1:    grunt_ministairs_11
Zot:3:    minmay_elemental_castle
Zig:1:    ziggurat_pillar_centre_c
Zig:10:   ziggurat_pillar_centre_dead_trees
Zig:12:   ziggurat_loot_1
Trove:    trove_dig
Sewer:    sewer_minmay_w
